 Dungeon Crawl Stone Soup version 0.24-a0-630-g0d56a851f4 (webtiles) character file.

Game seed: 5827321647354536840, levelgen mode: deterministic

504 Jorund the Digger (level 7, -7/61 HPs)
             Began as an Octopode Earth Elementalist on Sept 19, 2019.
             Was an Initiate of Vehumet.
             Mangled by a worker ant (8 damage)
             ... on level 5 of the Dungeon.
             The game lasted 00:08:43 (3861 turns).

Jorund the Digger (Octopode Earth Elementalist)     Turns: 3861, Time: 00:08:43

Health: -7/61      AC:  1    Str: 14    XL:     7   Next: 17%
Magic:  12/14      EV: 13    Int: 19    God:    Vehumet [......]
Gold:   157        SH:  0    Dex: 13    Spells: 10/16 levels left

rFire    . . .     SeeInvis .   i - +3 dagger (flame)
rCold    + . .     Gourm    .   (no shield)
rNeg     . . .     Faith    .   (helmet restricted)
rPois    .         Spirit   .   (no amulet)
rElec    .         Reflect  .   l - ring of protection from cold
rCorr    .         Harm     .   (no ring)
MR       .....                  (no ring)
Stlth    ..........             (no ring)
HPRegen  0.20/turn              (no ring)
MPRegen  0.14/turn              (no ring)
                                (no ring)
                                (no ring)

@: berserking, marked, very quick
A: almost no armour, stealthy swim, amphibious, 8 rings, constrict 8, tentacle
spike 1, camouflage 1, strong 1, gelatinous body 1, subdued magic 1
a: Renounce Religion


You were on level 5 of the Dungeon.
You worshipped Vehumet.
Vehumet was noncommittal.
You were not hungry.

You visited 2 branches of the dungeon, and saw 6 of its levels.

You collected 157 gold pieces.

Inventory:

Hand Weapons
 i - a +3 dagger of flaming (weapon)
Missiles
 b - 92 stones (quivered)
 d - 2 throwing nets
 f - 33 poisoned darts
Armour
 a - a +0 buckler
 o - a +0 buckler
Jewellery
 l - a ring of protection from cold (left tentacle)
 p - an uncursed ring of ice
Wands
 n - a wand of clouds (4)
Scrolls
 g - 3 scrolls of remove curse
Potions
 e - a potion of curing
 k - a potion of haste
 m - a potion of agility {unknown}
 q - 3 potions of flight
Comestibles
 c - 10 rations


   Skills:
 + Level 1.3 Short Blades
 - Level 2.0 Dodging
 - Level 2.6 Stealth
 + Level 5.0 Spellcasting
 + Level 1.0 Transmutations
 + Level 5.7 Earth Magic


You had 10 spell levels left.
You knew the following spells:

 Your Spells              Type           Power        Failure   Level  Hunger
a - Sandblast             Erth           ###...       1%          1    None
b - Passwall              Tmut/Erth      ##......     3%          2    #......
c - Stone Arrow           Conj/Erth      ##....       10%         3    ##.....

Your spell library contained the following spells:

 Spells                   Type           Power        Failure   Level  Hunger
 Petrify                  Tmut/Erth      ##......     26%         4    ####...
 Lee's Rapid Deconstruct  Erth           ###.......   28%         5    ######.


Dungeon Overview and Level Annotations

Branches:
Dungeon (5/15)             Temple (1/1) D:4

Altars:
Ashenzari
Dithmenos
Elyvilon
Gozag
Makhleb
Nemelex Xobeh
Okawaru
Ru
Uskayaw
Vehumet
Yredelemnul
The Shining One

Annotations:
D:5 Grinder, Ijyb, Menkaure


Innate Abilities, Weirdness & Mutations

You cannot wear most types of armour.
You are very stealthy in the water. (Stealth+)
You are amphibious.
You can wear up to eight rings at the same time.
You can use your tentacles to constrict eight enemies at once.
Your skin changes colour to match your surroundings (Stealth+).
Your rubbery body absorbs attacks. (AC +1, EV +1)
One of your tentacles bears a spike.
Your muscles are strong. (Str +2)
Your spells are a little easier to cast, but a little less powerful.


Message History

You shrug off the repeated paralysis!
The giant cockroach bites you.
* * * LOW HITPOINT WARNING * * *
The adder misses you. The jackal misses you.
Menkaure, Prince of Dust comes into view.
The leopard gecko misses you. The worker ant barely misses you.
A jackal comes into view.
Unknown command.
You closely miss the worker ant. Your grab misses the worker ant.
Your squeeze misses the worker ant. The worker ant barely misses you.
The giant cockroach closely misses you. Ijyb closely misses you.
The adder closely misses you. The jackal closely misses you.
The leopard gecko bites you.
* * * LOW HITPOINT WARNING * * *
Unknown command.
You puncture the worker ant! You burn the worker ant.
Your grab misses the worker ant.
You pierce the worker ant.
You kill the worker ant!
Vehumet accepts your kill. The worker ant bites you!
You die...

.......## #.......#
.......# #.....#
#.a.[.# #.....###
#......M#
#sla..#.......
####S@g5.##.....5
#..<....hh.###....#
####..####..# ....# #
....# ##h# ...#
#.#..##.# #.### ###
#...###.## #...###
#.....#..######...###
#.<#.##.........#
##..........>.#.#


You could see Grinder, Ijyb, Menkaure, 2 worker ants, an adder, a leopard gecko,
3 jackals and a giant cockroach.

Vanquished Creatures
  A scorpion (D:4)
  A hound (D:4)
  A jelly (D:5)
  A centaur skeleton (D:4)
  2 orc wizards (D:4)
  3 worker ants
  2 hound skeletons (D:4)
  4 gnolls (D:4)
  7 adders
  4 oozes
  6 worms
  2 dart slugs
  3 leopard geckos
  4 orcs
  3 giant cockroaches
  5 goblins
  5 hobgoblins (D:1)
  4 jackals (D:4)
  5 kobolds
  4 quokkas
  5 bats
  5 frilled lizards
  A leopard gecko skeleton (D:4)
  7 rats
85 creatures vanquished.

Notes
Turn   | Place    | Note
-------+----------+-------------------------------------------
     0 | D:1      | Jorund the Octopode Earth Elementalist began the quest for
                  | the Orb.
     0 | D:1      | Reached XP level 1. HP: 11/11 MP: 3/3
   263 | D:1      | Reached XP level 2. HP: 17/17 MP: 0/5
   974 | D:2      | Reached XP level 3. HP: 21/21 MP: 1/6
   988 | D:2      | Gained mutation: You are robust. (+10% HP) [potion of
                  | mutation]
   988 | D:2      | Gained mutation: Your spells are a little easier to cast,
                  | but a little less powerful. [potion of mutation]
   988 | D:2      | Gained mutation: You tend to lose your temper in combat.
                  | [potion of mutation]
   988 | D:2      | Gained mutation: Your muscles are strong. (Str +2) [potion
                  | of mutation]
   989 | D:2      | Lost mutation: Your muscles are strong. (Str +2) [potion of
                  | mutation]
   989 | D:2      | Lost mutation: You tend to lose your temper in combat.
                  | [potion of mutation]
   989 | D:2      | Lost mutation: You are robust. (+10% HP) [potion of
                  | mutation]
   989 | D:2      | Gained mutation: You are dopey. (Int -2) [potion of
                  | mutation]
   989 | D:2      | Lost mutation: You are dopey. (Int -2) [potion of mutation]
   989 | D:2      | Gained mutation: Your muscles are strong. (Str +2) [potion
                  | of mutation]
   989 | D:2      | Gained mutation: One of your tentacles bears a spike.
                  | [potion of mutation]
  1046 | D:2      | Found a sparkling altar of Nemelex Xobeh.
  1374 | D:2      | Reached XP level 4. HP: 27/27 MP: 8/8
  2014 | D:3      | You fall into a shaft and drop 1 floor!
  2021 | D:4      | Reached XP level 5. HP: 26/31 MP: 10/10
  2813 | D:4      | Reached skill level 5 in Earth Magic
  2813 | D:4      | Reached XP level 6. HP: 12/36 MP: 2/12
  3004 | D:4      | Reached skill level 1 in Short Blades
  3569 | D:4      | Found a staircase to the Ecumenical Temple.
  3584 | Temple   | Entered the Ecumenical Temple
  3593 | Temple   | Became a worshipper of Vehumet
  3700 | D:4      | Found a burning altar of Makhleb.
  3703 | D:4      | Reached XP level 7. HP: 41/41 MP: 10/14
  3810 | D:4      | Learned a level 2 spell: Passwall
  3814 | D:4      | Learned a level 3 spell: Stone Arrow
  3815 | D:5      | Entered Level 5 of the Dungeon
  3821 | D:5      | Reached skill level 5 in Spellcasting
  3845 | D:5      | Noticed Ijyb
  3849 | D:5      | Noticed Grinder
  3853 | D:5      | Paralysed by Ijyb for 6 turns
  3859 | D:5      | Noticed Menkaure
  3860 | D:5      | HP: 1/61 [leopard gecko (4)]
  3861 | D:5      | Mangled by a worker ant

Levels and vault maps discovered:
D:1:      wheals_arrival_linesprint, layout_loops_ring
D:2:      layout_loops_corners, old_standard_altar, first_ration,
          supply_closet_lemuel, hex_tiny
D:3:      layout_loops_corners
D:4:      layout_cave_pools, minmay_temple_entry_ruins,
          makhleb_blood_cavern_becter
D:5:      layout_rooms, serial_shops, kennysheep_mini,
          cheibrodos_ashenzari_chains, uniq_ijyb, uniq_grinder, uniq_menkaure,
          uniq_crazy_yiuf_cottage
Temple:   grunt_wide_crystal_templ

Skill      XL: |  1  2  3  4  5  6  7 |
---------------+----------------------+-----
Earth Magic    | 4 5 |  5.7
Spellcasting   | 3 4 5 |  5.0
Short Blades   | 1 |  1.3
Dodging        | |  2.0
Stealth        | |  2.6
Transmutations | |  1.0

Action                   |  1- 3 |  4- 6 |  7- 9 || total
-------------------------+-------+-------+-------++-------
Melee: Unarmed           |    12 |       |       ||    12
       Constrict         |     6 |     8 |       ||    14
       Tentacles         |     5 |     3 |       ||     8
       Dagger            |    14 |    42 |     2 ||    58
       Kick              |     2 |     8 |     1 ||    11
 Cast: Sandblast         |    26 |    82 |     8 ||   116
  Use: Scroll            |     3 |     6 |     2 ||    11
       Potion            |     2 |     2 |     1 ||     5
 Stab: Sleeping          |     6 |     7 |       ||    13
  Eat: Chunk             |     2 |     6 |     1 ||     9
Armor: Skin              |     1 |     2 |     4 ||     7
Dodge: Dodged            |    12 |    42 |    12 ||    66

Table legend:
 A = Non-vault XP
 B = Vault XP
 C = Vault XP percentage of total XP
 D = Non-vault monster count
 E = Vault monster count
 F = Vault count percentage of total count
                 A         B        C        D         E       F
            +---------+---------+-------+---------+---------+-------
      Total |     678 |      43 |   6.0 |      84 |       1 |   1.2
            +---------+---------+-------+---------+---------+-------
        D:1 |      28 |       0 |   0.0 |      16 |       0 |   0.0
        D:2 |      68 |       0 |   0.0 |      19 |       0 |   0.0
        D:3 |     120 |       0 |   0.0 |      22 |       0 |   0.0
        D:4 |     383 |      43 |  10.1 |      24 |       1 |   4.0
        D:5 |      79 |       0 |   0.0 |       3 |       0 |   0.0
            +---------+---------+-------+---------+---------+-------
